 Dungeon Crawl Stone Soup version 0.26-a0-612-gd4d190f45e (webtiles) character file.

Game seed: 12140783265119633815

798 DogServant the Skirmisher (level 7, 56/56 HPs)
             Began as a Demonspawn Gladiator on Sept 9, 2020.
             Was a Believer of Wu Jian.
             Quit the game on level 5 of the Dungeon.
             The game lasted 00:10:51 (4939 turns).

DogServant the Skirmisher (Demonspawn Gladiator)    Turns: 4939, Time: 00:10:51

Health: 56/56      AC:  7    Str: 17      XL:     7   Next: 58%
Magic:  7/7        EV: 13    Int:  9      God:    Wu Jian [**....]
Gold:   329        SH:  0    Dex: 12 (14) Spells: 6/6 levels left

rFire    . . .     SeeInvis .   A - +0 trident (protect)
rCold    . . .     Faith    .   (no shield)
rNeg     . . .     Spirit   .   b - +0 leather armour
rPois    .         Reflect  .   c - +0 helmet
rElec    .         Harm     .   (no cloak)
rCorr    .                      (no gloves)
MR       .....                  (no boots)
Stlth    +.........             (no amulet)
HPRegen  0.18/turn              (no ring)
MPRegen  0.10/turn              (no ring)

@: no status effects
A: icy blue scales 2, spiny 1
a: Wall Jump, Renounce Religion


You were on level 5 of the Dungeon.
You worshipped Wu Jian.
Wu Jian was pleased with you.
You visited 1 branch of the dungeon, and saw 5 of its levels.

You collected 329 gold pieces.

Inventory:

Hand Weapons
 a - a +0 war axe
 A - a +0 trident of protection (weapon)
Missiles
 d - 3 throwing nets (quivered)
 p - 24 poisoned darts
Armour
 b - a +0 leather armour (worn)
 c - a +0 helmet (worn)
 g - a +0 helmet
 i - a +0 pair of gloves
 k - a +0 cloak
 w - a +0 pair of boots
Magical Staves
 h - an uncursed staff of air {unknown}
Jewellery
 l - a +6 ring of strength {unknown}
 v - an uncursed amulet of reflection {unknown}
 y - an uncursed ring of see invisible {unknown}
Wands
 f - a wand of acid (4)
Scrolls
 e - 2 scrolls of fog {unknown}
 j - 2 scrolls of identify {unknown}
 m - 3 scrolls of teleportation {unknown}
 o - a scroll of enchant armour {unknown}
 q - 6 scrolls of remove curse {unknown}
 r - 3 scrolls of magic mapping {unknown}
 t - a scroll of enchant weapon {unknown}
 x - 2 scrolls of amnesia {unknown}
 z - 3 scrolls of random uselessness {unknown}
 B - 4 scrolls of immolation {unknown}
 E - a scroll of fear {unknown}
Potions
 n - 2 potions of stabbing {unknown}
 s - 2 potions of haste {unknown}
 u - a potion of invisibility {unknown}
 C - a potion of heal wounds {unknown}
 D - 2 potions of brilliance {unknown}


   Skills:
 * Level 5.6 Fighting
 - Level 3.2(3.6) Axes
 + Level 2.3(3.2) Polearms
 + Level 3.2 Throwing
 + Level 2.3 Armour
 + Level 4.2 Dodging


You had 6 spell levels left.
You didn't know any spells.
Your spell library contained the following spells:

 Spells                   Type           Power        Failure   Level
 Animate Skeleton         Necr           #.....       43%         1
 Apportation              Tloc           #.....       43%         1
 Corona                   Hex            #......      43%         1
 Summon Small Mammal      Summ           #...         43%         1


Dungeon Overview and Level Annotations

Branches:
Dungeon (5/15)
 Temple: D:4-7

Altars:
Elyvilon
Wu Jian
Xom

Shops:
D:5 [


Innate Abilities, Weirdness & Mutations

You are mostly covered in icy blue scales. (AC +3)
You are partially covered in sharp spines.


Message History

You hit the centaur zombie but do no damage.
The centaur zombie is moderately damaged.
The centaur zombie misses you.
You hit the centaur zombie.
The centaur zombie is heavily damaged.
The centaur zombie is struck by your spines.
The centaur zombie hits you but does no damage.
You barely miss the centaur zombie.
The centaur zombie is severely damaged.
The centaur zombie barely misses you.
The centaur zombie is struck by your spines.
The centaur zombie hits you but does no damage.
You puncture the centaur zombie!
You destroy the centaur zombie!
The Council accepts your kill.
You feel your strength returning.
Done exploring.
Done exploring.
Done exploring.
Are you sure you want to abandon this character and quit the game? (Confirm with "yes".)

###.### #.....#
#.....# #.....#
#.....# #.....#
#####.....#
##...##
...##...).# ##.##
...##.....# #.#
.....###### #.#
.....# #.#
....[#### #@#
........# #.#
...#.##.# #.#
#....##.########.#
##.#.............#
##.#.##.##########
.....##.#
##......# ########


There were no monsters in sight!

Vanquished Creatures
  An ogre (D:4)
  A sky beast (D:5)
  A centaur (D:5)
  A scorpion (D:5)
  A centaur zombie (D:5)
  2 hounds (D:4)
  4 worker ants (D:5)
  Ijyb (D:4)
  An iguana (D:4)
  4 gnolls (D:4)
  10 adders
  A white imp (D:5)
  An ooze (D:3)
  An adder zombie (D:5)
  An adder skeleton (D:5)
  4 worms
  A dart slug (D:3)
  A leopard gecko (D:3)
  9 orcs
  3 ball pythons
  5 giant cockroaches
  4 goblins
  12 hobgoblins
  7 jackals
  2 quokkas
  3 bats
  3 frilled lizards
  8 kobolds
  2 leopard gecko skeletons (D:4)
  11 rats
106 creatures vanquished.

Notes
Turn   | Place    | Note
-------+----------+-------------------------------------------
     0 | D:1      | DogServant the Demonspawn Gladiator began the quest for the
                  | Orb.
     0 | D:1      | Reached XP level 1. HP: 16/16 MP: 1/1
   158 | D:1      | Gained mutation: You are partially covered in sharp spines.
                  | [demonic ancestry]
   158 | D:1      | Reached XP level 2. HP: 23/23 MP: 2/2
   726 | D:1      | Reached XP level 3. HP: 28/28 MP: 3/3
   788 | D:2      | Reached skill level 3 in Fighting
  1469 | D:2      | Reached XP level 4. HP: 34/35 MP: 4/4
  1798 | D:2      | Found an ornate altar of the Wu Jian Council.
  1803 | D:2      | Became a worshipper of the Wu Jian Council
  2176 | D:3      | Found a faded altar of an unknown god.
  2342 | D:3      | Reached * piety under Wu Jian
  2752 | D:4      | Reached skill level 4 in Fighting
  2752 | D:4      | Reached XP level 5. HP: 40/42 MP: 5/5
  2778 | D:4      | Noticed an ogre
  2784 | D:4      | Killed an ogre
  2784 | D:4      | Reached skill level 1 in Polearms
  2784 | D:4      | Reached skill level 1 in Armour
  2863 | D:4      | Gained mutation: You are partially covered in icy blue
                  | scales. (AC +2) [demonic ancestry]
  2863 | D:4      | Reached XP level 6. HP: 44/49 MP: 6/6
  2999 | D:4      | Found a shimmering altar of Xom.
  3045 | D:4      | Found a white marble altar of Elyvilon.
  3463 | D:4      | Noticed Ijyb
  3495 | D:4      | Killed Ijyb
  3942 | D:5      | Entered Level 5 of the Dungeon
  4311 | D:5      | Reached skill level 5 in Fighting
  4360 | D:5      | Gained mutation: You are mostly covered in icy blue scales.
                  | (AC +3) [demonic ancestry]
  4360 | D:5      | Reached XP level 7. HP: 38/56 MP: 7/7
  4614 | D:5      | Reached ** piety under Wu Jian
  4725 | D:5      | Found Mahyes's Armour Boutique.
  4939 | D:5      | Quit the game

Illustrated notes

Levels and vault maps discovered:
D:1:      eino_arrival_water_star, layout_basic
D:2:      layout_loops_corners, marbit_many_paths
D:3:      layout_loops_cross, chequers_ecumenical_altar_simple_redux
D:4:      layout_gridville, old_standard_altar, lemuel_coloured_pillars_altar,
          serial_glass, glass_columns_a, glass_columns_c, uniq_ijyb
D:5:      layout_loops_cross, serial_shops, nicolae_shop_window_shopping,
          kennysheep_minor_cross, nrook_loot_triangle

Skill      XL: |  1  2  3  4  5  6  7 |
---------------+----------------------+-----
Axes           | 3 |  3.2
Dodging        | 3 4 |  4.2
Fighting       | 3 4 5 |  5.6
Throwing       | 2 3 |  3.2
Polearms       | 1 2 |  2.3
Armour         | 1 2 |  2.3

Action                   |  1- 3 |  4- 6 |  7- 9 || total
-------------------------+-------+-------+-------++-------
Melee: War axe           |    69 |     8 |       ||    77
       Trident           |       |   153 |    48 ||   201
Invok: Lunge             |       |    15 |     4 ||    19
       Whirlwind         |       |    22 |       ||    22
  Use: Potion            |       |     4 |       ||     4
 Stab: Sleeping          |       |     2 |       ||     2
Armor: Leather armour    |    21 |    43 |    17 ||    81
Dodge: Dodged            |    42 |    95 |    29 ||   166

Table legend: (Time is in decaauts)
 A = Elapsed time spent in this place.
 B = Non-inter-level travel time spent in this place.
 C = Inter-level travel time spent in this place.
 D = Time resting spent in this place.
 E = Time spent auto-exploring this place.
 F = Levels seen in this place.
 G = Mean time per level.
                   A        B        C        D        E       F      G
               +--------+--------+--------+--------+--------+-----+--------+
         Total |   4995 |   4871 |    124 |    515 |   3573 |   5 |  999.0 |
       Dungeon |   4995 |   4871 |    124 |    515 |   3573 |   5 |  999.0 |
               +--------+--------+--------+--------+--------+-----+--------+

Top non-repeatable levels by time:
     D:4: 1217 daAuts
     D:2: 1145 daAuts
     D:5: 1008 daAuts
     D:3: 816 daAuts
     D:1: 807 daAuts
